 Dungeon Crawl Stone Soup version 0.29-a0-397-g846e4a0bbc (webtiles) character file.

Game seed: 5952792149153639746

4018 sammy202020 the Blocker (level 10, -2/136 HPs)
             Began as a Minotaur Fighter on May 11, 2022.
             Was a Follower of Trog.
             Slain by an orc warlord
             ... wielding a +0 great sword of protection
              (17 damage)
             ... in a bailey.
             The game lasted 00:12:50 (8622 turns).

sammy202020 the Blocker (Minotaur Fighter)          Turns: 8622, Time: 00:12:51

Health: -2/136     AC: 15    Str: 21    XL:     10   Next: 3%
Magic:  8/8        EV:  6    Int: 15    God:    Trog [*.....]
Gold:   342        SH: 11    Dex: 10    Spells: 9/9 levels left

rFire   . . .      SeeInvis .   l - +2 war axe (freeze)
rCold   . . .      Faith    .   c - +0 buckler
rNeg    . . .      Spirit   .   o - +0 plate armour
rPois   .          Reflect  +   (helmet restricted)
rElec   .          Harm     .   (no cloak)
rCorr   +          Rampage  .   (no gloves)
Will    +++..                   B - +0 pair of boots
Stlth   ..........              e - amulet of reflection
HPRegen 1.32/turn               q - ring of resist corrosion
MPRegen 0.11/turn               x - +6 ring of intelligence

@: mighty, berserking, strong-willed, regenerating, very quick
A: horns 2, retaliatory headbutt, low MP 1, strong-willed 1, sense surroundings
1
a: Renounce Religion, Berserk


You were in a bailey.
You worshipped Trog.
Trog was aware of your devotion.
You visited 2 branches of the dungeon, and saw 9 of its levels.
You also visited: Ossuary and Bailey.

You collected 342 gold pieces.

Inventory:

Hand Weapons
 i - a +0 hand crossbow of freezing
 l - a +2 war axe of freezing (weapon)
 D - a +5 war axe
Missiles
 f - 2 throwing nets (quivered)
 s - 7 boomerangs
Armour
 c - a +0 buckler (worn)
 o - a +0 plate armour (worn)
 B - a +0 pair of boots (worn)
Jewellery
 e - an amulet of reflection (around neck)
 q - a ring of resist corrosion (left hand)
 x - a +6 ring of intelligence (right hand)
 z - a ring of magical power
 C - a ring of magical power
Wands
 y - a wand of digging (4)
 A - a wand of iceblast (14)
Scrolls
 a - 2 scrolls of magic mapping
 g - 2 scrolls of immolation
 h - 3 scrolls of teleportation
 j - a scroll of blinking
 r - 3 scrolls of fear
 w - 2 scrolls of poison
 E - a scroll of fog
 G - a scroll of summoning {unknown}
Potions
 b - 2 potions of attraction {unknown}
 d - a potion of might
 k - a potion of cancellation
 m - 2 potions of haste
 n - 4 potions of curing
 p - 2 potions of flight
 t - 3 potions of invisibility {unknown}
 u - 2 potions of lignification {unknown}
 v - a potion of mutation
 F - a potion of magic {unknown}
 H - a potion of resistance {unknown}


   Skills:
 + Level 9.4 Fighting
 + Level 9.0 Axes
 + Level 9.4 Armour
 + Level 9.4 Shields


You had 9 spell levels left.
You didn't know any spells.
Your spell library contained the following spells:

 Spells                   Type           Power      Damage    Failure   Level
 Animate Skeleton         Necr           0%         N/A       99%         1
 Apportation              Tloc           0%         N/A       99%         1
 Foxfire                  Conj/Fire      0%         2x1d4     99%         1
 Summon Small Mammal      Summ           0%         N/A       99%         1
 Conjure Flame            Conj/Fire      0%         6-21      100%        3
 Inner Flame              Hex/Fire       0%         N/A       100%        3
 Ozocubu's Armour         Ice            0%         N/A       100%        3
 Tukima's Dance           Hex            0%         N/A       100%        3
 Anguish                  Hex/Necr       0%         N/A       100%        4
 Flame Wave               Conj/Fire      0%         2d4       100%        4
 Enfeeble                 Hex            0%         N/A       100%        7
 Ozocubu's Refrigeration  Ice            0%         4d5       100%        7


Dungeon Overview and Level Annotations

Branches:
Dungeon (8/15)             Temple (1/1) D:7         Ossuary (visited)
 Bailey (1/1)
   Lair: D:8-11

Altars:
Ashenzari
Cheibriados
Dithmenos
Elyvilon
Fedhas
Gozag
Hepliaklqana
Kikubaaqudgha
Makhleb
Okawaru
Qazlal
Sif Muna
Trog
Uskayaw
Vehumet
Wu Jian
Xom
Yredelemnul
Zin
The Shining One


Innate Abilities, Weirdness & Mutations

You have a pair of horns on your head.
You reflexively headbutt those who attack you in melee.
Your magical capacity is low. (-10% MP)
You are strong-willed. (Will+)
You passively map a small area around you.


Message History

Your headbutt misses the orc warrior.
The orc warrior is severely wounded.
You block the orc warrior's attack.
You hit the orc warrior. You freeze the orc warrior.
The orc warrior is severely wounded.
The orc warrior hits you but does no damage.
You miss the orc warrior. Your headbutt misses the orc warrior.
The orc warrior is severely wounded.
You block the orc warrior's attack.
You hit the orc warrior. You freeze the orc warrior.
The orc warrior is almost dead.
The orc no longer looks unusually strong.
You block the orc warrior's attack.
The orc warlord roars a battlecry!
The orc goes into a battle-frenzy!
You slash the orc warrior! You freeze the orc warrior.
You kill the orc warrior!
Trog accepts your kill.
You hit the orc warlord but do no damage.
The orc warlord hits you with a +0 great sword of protection!
Drinking this now will have no effect.
You feel very mighty all of a sudden.
The orc warlord hits you with a +0 great sword of protection!
A red film seems to cover your vision as you go berserk!
You feel yourself moving faster!
You feel mighty! The orc warlord closely misses you.
You slash the orc warlord! You freeze the orc warlord.
The orc warlord is lightly wounded.
The orc warlord hits you with a +0 great sword of protection!!
* * * LOW HITPOINT WARNING * * *
You hit the orc warlord. You freeze the orc warlord.
The orc warlord is lightly wounded.
The orc warlord hits you with a +0 great sword of protection!
* * * LOW HITPOINT WARNING * * *
You closely miss the orc warlord.
The orc warlord is lightly wounded.
You slice the orc warlord!! You freeze the orc warlord.
The orc warlord is moderately wounded.
The orc warlord hits you with a +0 great sword of protection!
You die...

.........#...........#
[))......#...........#
.)).....###.........###
#.....###.###.....#'#.###
###.###
....###.###))...### ..###
......###.........## ...#
......##8..........#
...#,
......o#8..........# ...#
......go@....⌠....∩# ...#
,,.......#8..........#
...# ......##8..........#
..###
......###.........##
###.###
....###.###.....###
#.....###.###.....#'#.###
........###.......).###
.........#........)).#
.........#...........#


You could see an orc warlord, a gnoll and an orc (strong).

Vanquished Creatures
  Sigmund (D:2)
  A wyvern (D:8)
  3 yaks (D:8)
  3 sky beasts
  A black bear (D:3)
  14 orc warriors
  An ogre (D:7)
  A centaur (D:7)
  2 kobold brigands
  3 scorpions
  A necrophage (D:6)
  4 wights
  3 howler monkeys
  A human zombie (Ossuary)
  A centaur zombie (Ossuary)
  3 hounds
  A jelly (D:7)
  2 orc priests (D:6)
  3 iguanas
  3 orc wizards
  5 mummies (Ossuary)
  5 gnolls (Bailey)
  9 adders
  A white imp (D:7)
  An ufetubus (D:3)
  3 worms (D:3)
  2 dart slugs
  33 orcs
  4 endoplasms
  3 giant cockroaches
  14 goblins
  18 hobgoblins
  6 jackals
  13 kobolds
  A quokka (D:4)
  5 ball pythons
  3 bats
  A frilled lizard (D:2)
  A gnoll zombie (Ossuary)
  A hobgoblin zombie (Ossuary)
  4 kobold zombies (Ossuary)
  10 rats
  A spectral goblin (D:1)
196 creatures vanquished.

Vanquished Creatures (others)
  A plant (D:4)
1 creature vanquished.

Grand Total: 197 creatures vanquished

Notes
Turn   | Place    | Note
-------+----------+-------------------------------------------
     0 | D:1      | sammy202020 the Minotaur Fighter began the quest for the
                  | Orb.
     0 | D:1      | Reached XP level 1. HP: 19/19 MP: 0/0
   334 | D:1      | Found a faded altar of an unknown god.
   342 | D:1      | Reached XP level 2. HP: 27/27 MP: 1/1
   876 | D:2      | Found an ornate altar of the Wu Jian Council.
   879 | D:2      | Reached XP level 3. HP: 33/33 MP: 2/2
   909 | D:2      | Noticed Sigmund
   917 | D:2      | Killed Sigmund
   918 | D:2      | Reached skill level 5 in Fighting
   918 | D:2      | Reached skill level 5 in Armour
   918 | D:2      | Reached skill level 5 in Shields
   918 | D:2      | Reached XP level 4. HP: 31/42 MP: 3/3
   918 | D:2      | Reached XP level 5. HP: 35/48 MP: 4/4
  1400 | D:3      | Reached XP level 6. HP: 56/56 MP: 5/5
  2585 | D:4      | Noticed a sky beast
  2590 | D:4      | Killed a sky beast
  2591 | D:4      | Reached skill level 5 in Axes
  2591 | D:4      | Reached XP level 7. HP: 62/62 MP: 6/6
  2946 | D:5      | Entered Level 5 of the Dungeon
  3360 | D:5      | Found a sand-covered staircase.
  3368 | Ossuary  | Entered an ossuary
  3494 | Ossuary  | Gained mutation: You are weak. (Str -2) [potion of
                  | mutation]
  3495 | Ossuary  | Lost mutation: You are weak. (Str -2) [potion of mutation]
  3495 | Ossuary  | Gained mutation: You have a pair of large horns on your
                  | head. [potion of mutation]
  3762 | D:5      | Found a shimmering blue altar of Sif Muna.
  4360 | D:6      | Reached XP level 8. HP: 68/71 MP: 7/7
  4509 | D:6      | Found an opulent altar of Gozag.
  5498 | D:7      | Found a staircase to the Ecumenical Temple.
  5523 | Temple   | Entered the Ecumenical Temple
  5604 | Temple   | Became a worshipper of Trog the Wrathful
  6093 | D:7      | Reached XP level 9. HP: 73/81 MP: 8/8
  7023 | D:8      | Found a flagged portal.
  7045 | Bailey   | Entered a bailey
  7098 | Bailey   | Reached * piety under Trog
  7360 | Bailey   | HP: 2/83 [orc warrior/+0 war axe (13)]
  7952 | Bailey   | Lost mutation: You have a pair of large horns on your head.
                  | [potion of mutation]
  7952 | Bailey   | Gained mutation: You passively map a small area around you.
                  | [potion of mutation]
  7952 | Bailey   | Gained mutation: Armour fits poorly on your strangely
                  | shaped body. [potion of mutation]
  7952 | Bailey   | Gained mutation: You do not regenerate when monsters are
                  | visible. [potion of mutation]
  7953 | Bailey   | Lost mutation: You do not regenerate when monsters are
                  | visible. [potion of mutation]
  7953 | Bailey   | Lost mutation: Armour fits poorly on your strangely shaped
                  | body. [potion of mutation]
  7953 | Bailey   | Gained mutation: You are frail. (-10% HP) [potion of
                  | mutation]
  7953 | Bailey   | Gained mutation: Your magical capacity is low. (-10% MP)
                  | [potion of mutation]
  7953 | Bailey   | Lost mutation: You are frail. (-10% HP) [potion of
                  | mutation]
  7953 | Bailey   | Gained mutation: You are strong-willed. (Will+) [potion of
                  | mutation]
  8121 | Bailey   | Reached ** piety under Trog
  8597 | Bailey   | Noticed an orc warlord
  8608 | Bailey   | Reached XP level 10. HP: 91/91 MP: 8/8
  8622 | Bailey   | Slain by an orc warlord

Illustrated notes

Levels and vault maps discovered:
D:1:      matt_arrival_debris, layout_basic,
          dreamdust_ecumenical_altar_drowned_temple, minmay_box_of_dots
D:2:      layout_rooms, basic_altar, minivault_23, nicolae_elevator_lobby_plus,
          uniq_sigmund
D:3:      layout_loops_corners, minmay_close_crescents
D:4:      layout_loops_cross, serial_bayou_lagoon_a
D:5:      layout_loops_corners, led_sif_pool, nicolae_ossuary_entry_plus,
          serial_rivers, chequers_serial_rivers_small_a,
          chequers_serial_rivers_micro_a, chequers_serial_rivers_micro_d,
          chequers_serial_rivers_micro_e, chequers_serial_rivers_small_a,
          chequers_serial_rivers_large_b
D:6:      layout_rooms, nicolae_gozag_seed_capital, kennysheep_small_spiral,
          kennysheep_generic_room_4
D:7:      layout_basic, minmay_temple_entry_glassed_door,
          wad_floor_pattern_untrapped
D:8:      minmay_thick_lines, layout_loops_ring, nemelex_diamond_rough_becter,
          nicolae_ru_sacrificial_ziggurat, enter_bailey_1
Temple:   mainiacjoe_temple_coin_purse
Bailey:   bailey_axe_minmay_hex_keep, bailey

Skill      XL: |  1  2  3  4  5  6  7  8  9 |
---------------+----------------------------+-----
Armour         | 4 5 6 7 9 |  9.4
Shields        | 4 5 6 7 9 |  9.4
Fighting       | 4 5 6 7 9 |  9.4
Axes           | 3 4 5 6 7 9 |  9.0

Action                   |  1- 3 |  4- 6 |  7- 9 | 10-12 || total
-------------------------+-------+-------+-------+-------++-------
Melee: War axe           |    58 |    66 |   277 |    12 ||   413
       Headbutt          |     9 |    11 |    45 |     1 ||    66
Invok: Trog's Hand       |       |       |     1 |     1 ||     2
       Berserk           |       |       |       |     1 ||     1
  Use: Scroll            |     5 |     6 |     3 |       ||    14
       Potion            |       |       |    10 |     1 ||    11
Armor: Scale mail        |    20 |    15 |       |       ||    35
       Plate armour      |       |     2 |   124 |     1 ||   127
Dodge: Dodged            |    26 |    25 |    68 |     1 ||   120
Block: Buckler           |    28 |    31 |   156 |     4 ||   219
       Reflection        |     1 |       |     2 |       ||     3

Table legend: (Time is in decaauts)
 A = Elapsed time spent in this place.
 B = Non-inter-level travel time spent in this place.
 C = Inter-level travel time spent in this place.
 D = Time resting spent in this place.
 E = Time spent auto-exploring this place.
 F = Levels seen in this place.
 G = Mean time per level.
                   A        B        C        D        E       F      G
               +--------+--------+--------+--------+--------+-----+--------+
         Total |   8751 |   8538 |    213 |   1535 |   5609 |  11 |  795.5 |
       Dungeon |   6829 |   6616 |    213 |    570 |   5018 |   8 |  853.6 |
        Temple |    101 |    101 |      0 |      0 |     63 |   1 |  101.0 |
       Ossuary |    248 |    248 |      0 |      0 |     99 |   1 |  248.0 |
        Bailey |   1571 |   1571 |      0 |    965 |    429 |   1 | 1571.0 |
               +--------+--------+--------+--------+--------+-----+--------+

Top non-repeatable levels by time:
  Bailey: 1571 daAuts
     D:5: 1212 daAuts
     D:6: 1152 daAuts
     D:3: 1075 daAuts
     D:7: 1001 daAuts
     D:1: 784 daAuts
     D:2: 620 daAuts
     D:4: 527 daAuts
     D:8: 455 daAuts
 Ossuary: 248 daAuts
  Temple: 101 daAuts
